[Event "Titled Tuesday Blitz August 23 Late 2022"]
[White "Aghasiyev, Kamal"]
[Black "Salem, A.R. Saleh"]
[WhiteFideId "13402854"]
[BlackFideId "9301348"]
[WhiteElo "2210"]
[BlackElo "2674"]
[Result "1/2-1/2"]
[Round "08"]
[TimeControl "180+1"]
[Date "2022.08.23"]
[WhiteClock "0:00:10"]
[BlackClock "0:01:09"]

1. d4 d5 2. c4 e6 3. Nc3 Nf6 4. cxd5 exd5 5. Bg5 c6 6. e3 h6 7. Bh4 Be7 8. Bd3 O-O 9. Qc2 Re8 10. Nge2 Nbd7 11. O-O Nh5 12. Bxe7 Qxe7 13. Rae1 Nf8 14. Nc1 Bd7 15. Nb3 Rad8 16. Qd2 Bc8 17. f3 Ne6 18. Bb1 b6 19. Qd3 Nf6 20. Rd1 Nc7 21. Rfe1 Ba6 22. Qd2 Ne6 23. Qf2 Qb4 24. Nc1 Qd6 25. Nd3 c5 26. Ne5 b5 27. a3 Rb8 28. Bd3 b4 29. axb4 cxd4 30. exd4 Rxb4 31. Bxa6 Qxa6 32. Nd3 Rbb8 33. Nc5 Qc6 34. Nxe6 Rxe6 35. Rxe6 Qxe6 36. Ra1 Qb6 37. h3 h5 38. Na4 Qb5 39. Nc5 Qxb2 40. Qxb2 Rxb2 41. Rxa7 h4 42. Ra8+ Kh7 43. Ra7 Rb1+ 44. Kf2 Rb2+ 45. Kg1 Kg8 46. Ra8+ Kh7 47. Ra7 1/2-1/2


[Site "https://www.chess.com"]

[Event "Titled Tuesday Blitz August 23 Late 2022"]
[White "Aldokhin, Ivan"]
[Black "Hansen, Eric"]
[WhiteFideId "24115720"]
[BlackFideId "2606771"]
[WhiteElo "2246"]
[BlackElo "2568"]
[Result "1-0"]
[Round "08"]
[TimeControl "180+1"]
[Date "2022.08.23"]
[WhiteClock "0:00:04"]
[BlackClock "0:00:04"]

1. e4 c5 2. Nf3 e6 3. d4 cxd4 4. Nxd4 a6 5. Nc3 Qc7 6. Bd3 Nf6 7. Qe2 d6 8. Bd2 b5 9. a4 b4 10. Na2 Bb7 11. Bxb4 Nbd7 12. O-O Nc5 13. Nc3 Be7 14. Bxc5 Qxc5 15. Nb3 Qc7 16. a5 O-O 17. Na4 Nd7 18. Qe3 d5 19. exd5 Bxd5 20. Nb6 Nxb6 21. axb6 Qb7 22. Na5 Qc8 23. c4 Bc6 24. Nxc6 Qxc6 25. Be4 Qxc4 26. Bxa8 Rxa8 27. b7 Rf8 28. Qb6 Qf4 29. g3 Qe5 30. Rxa6 Bc5 31. Qc6 g5 32. Ra8 Bd6 33. Rd1 Bb8 34. Qc8 Kg7 35. Kf1 Qe4 36. Qc3+ Be5 37. Qd3 Qh1+ 38. Ke2 Qxb7 39. Rxf8 Kxf8 40. Qd8+ Kg7 41. Qxg5+ 1-0


[Site "https://www.chess.com"]

[Event "Titled Tuesday Blitz August 23 Late 2022"]
[White "Ansh M Shah"]
[Black "Leitao, Rafael"]
[WhiteFideId "25033379"]
[BlackFideId "2101246"]
[WhiteElo "1819"]
[BlackElo "2609"]
[Result "0-1"]
[Round "08"]
[TimeControl "180+1"]
[Date "2022.08.23"]
[WhiteClock "0:00:08"]
[BlackClock "0:00:41"]

1. d4 Nf6 2. c4 e6 3. g3 d5 4. Bg2 Bb4+ 5. Nd2 O-O 6. Nf3 b6 7. O-O Bb7 8. Ne5 Be7 9. Qc2 c5 10. e3 Nbd7 11. cxd5 exd5 12. Ndf3 Rc8 13. Qe2 Bd6 14. Bh3 Rc7 15. Bd2 Re8 16. Bc3 Bxe5 17. dxe5 Ne4 18. e6 fxe6 19. Be5 Nxe5 20. Nxe5 Ng5 21. Bg2 Nf7 22. Nf3 e5 23. Nh4 e4 24. Rad1 Qe7 25. Rd2 Ne5 26. Rfd1 Nd3 27. Bf1 c4 28. b3 Rf8 29. Qg4 Qf6 30. bxc4 dxc4 31. Ng2 Nxf2 32. Rc1 Nxg4 0-1


[Site "https://www.chess.com"]

[Event "Titled Tuesday Blitz August 23 Late 2022"]
[White "Bluebaum, Matthias"]
[Black "Nakamura, Hikaru"]
[WhiteFideId "24651516"]
[BlackFideId "2016192"]
[WhiteElo "2603"]
[BlackElo "2850"]
[Result "1/2-1/2"]
[Round "08"]
[TimeControl "180+1"]
[Date "2022.08.23"]
[WhiteClock "0:00:07"]
[BlackClock "0:00:11"]

1. d4 f5 2. Nf3 Nf6 3. e3 g6 4. c4 Bg7 5. b4 O-O 6. Be2 d6 7. Bb2 Qe8 8. O-O e6 9. Nc3 Nc6 10. Qb3 h6 11. c5 Rf7 12. Rac1 d5 13. b5 Nd8 14. Ne5 Rf8 15. c6 b6 16. Ba3 Kh7 17. Bxf8 Bxf8 18. f3 Nf7 19. e4 Bg7 20. Rce1 Nd6 21. Bd3 Qg8 22. a4 a6 23. Ra1 dxe4 24. fxe4 Ng4 25. exf5 exf5 26. Qxg8+ Kxg8 27. Nd5 Nxe5 28. dxe5 Bxe5 29. Rae1 Bd4+ 30. Kh1 axb5 31. axb5 Ra3 32. Rf3 Ra7 33. h3 Kf7 34. g4 Be6 35. Nf4 Ba2 36. gxf5 gxf5 37. Re2 Ra5 38. Kg2 Ra4 39. Bc2 Ra5 40. Bd3 Ra4 41. Bc2 Ra8 42. Bd3 Ra5 43. h4 Ra8 44. h5 Ra5 45. Rg3 Bb3 46. Bxf5 Rxb5 47. Be6+ Bxe6 48. Nxe6 Bf6 49. Nxc7 Rc5 50. Rf3 Nf5 51. Rxf5 Rxf5 52. Na6 Rf4 53. Rc2 Be5 54. c7 Bxc7 55. Rxc7+ Kf6 56. Rc6+ Kg5 57. Rxb6 Kxh5 58. Nc5 Rf5 59. Ne4 Re5 60. Ng3+ Kg5 61. Rb4 h5 62. Kh3 Ra5 63. Ne4+ Kf5 64. Ng3+ Kg5 65. Rb8 Ra3 66. Rb5+ Kg6 67. Rb6+ Kg5 68. Rb5+ Kg6 69. Rc5 Rb3 70. Rc4 Rb2 71. Rc6+ Kg5 72. Rc5+ Kf6 73. Rxh5 Ke6 74. Ra5 Rb4 75. Rg5 Rf4 76. Rh5 Rf8 77. Kg4 Rf2 78. Rh6+ Ke5 79. Rh8 Rf4+ 80. Kg5 Rf7 81. Re8+ Kd5 82. Nf5 Rh7 83. Kf4 Rh1 84. Rd8+ Kc5 85. Ke4 Re1+ 86. Ne3 Kc6 87. Rc8+ Kd7 88. Ra8 Kc6 89. Ra6+ Kd7 90. Rh6 Re2 91. Kd4 Rd2+ 92. Ke5 Re2 93. Rh3 Kc6 94. Kd4 Rd2+ 95. Kc3 Rd8 96. Kc4 Rd6 97. Nf5 Rf6 98. Nd4+ Kd6 99. Re3 Rg6 100. Nf5+ Kd7 101. Re7+ Kc6 102. Re4 Rf6 103. Nd4+ Kd6 104. Re8 Kd7 105. Ra8 Rf1 106. Kd5 Rd1 107. Ra7+ Kd8 108. Ke5 Kc8 109. Rh7 Kd8 110. Ne6+ Kc8 111. Nc5 Rd2 112. Ke6 Rd1 113. Nd7 Kc7 114. Ne5+ Kb6 115. Rh2 Rc1 116. Rb2+ Kc7 117. Rb3 Rc5 118. Ra3 Rc1 119. Ra2 Re1 120. Kd5 Rd1+ 121. Kc5 Rc1+ 122. Nc4 Kd7 123. Re2 1/2-1/2


[Site "https://www.chess.com"]

[Event "Titled Tuesday Blitz August 23 Late 2022"]
[White "Bok, Benjamin"]
[Black "Wirig, Anthony"]
[WhiteFideId "1017063"]
[BlackFideId "615013"]
[WhiteElo "2658"]
[BlackElo "2474"]
[Result "1-0"]
[Round "08"]
[TimeControl "180+1"]
[Date "2022.08.23"]
[WhiteClock "0:00:10"]
[BlackClock "0:00:15"]

1. d4 Nf6 2. c4 e6 3. Nc3 Bb4 4. Qc2 d5 5. a3 Bxc3+ 6. Qxc3 O-O 7. Bg5 dxc4 8. Qxc4 b6 9. Rd1 Ba6 10. Qa4 Qd7 11. Qc2 Qc6 12. Qxc6 Nxc6 13. Bxf6 gxf6 14. Nf3 Rac8 15. e3 Bxf1 16. Rxf1 Ne7 17. Rc1 Rfd8 18. Ke2 Rd5 19. Rc4 Kf8 20. Rfc1 Ke8 21. Rxc7 Rxc7 22. Rxc7 a5 23. Nd2 Rb5 24. Nc4 Kd8 25. Rb7 Nd5 26. g3 f5 27. Kd3 a4 28. Kc2 f6 29. Rxh7 e5 30. Ra7 exd4 31. exd4 Rb3 32. Nd2 Rb5 33. h4 f4 34. g4 Nc7 35. Rxa4 Rd5 36. Nf3 Rd6 37. h5 Re6 38. Kd3 Kd7 39. Ra7 Re8 40. Nd2 Rg8 41. Ne4 Kc6 42. Nxf6 Rf8 43. d5+ Nxd5 44. Nxd5 Kxd5 45. h6 Ke5 46. h7 Rd8+ 47. Ke2 Kf6 48. Kf3 Kg5 49. Rg7+ Kh4 50. Rg8 1-0


[Site "https://www.chess.com"]

[Event "Titled Tuesday Blitz August 23 Late 2022"]
[White "Bortnyk, Olexandr"]
[Black "Howell, David W L"]
[WhiteFideId "14120828"]
[BlackFideId "410608"]
[WhiteElo "2723"]
[BlackElo "2559"]
[Result "1-0"]
[Round "08"]
[TimeControl "180+1"]
[Date "2022.08.23"]
[WhiteClock "0:00:02"]
[BlackClock "0:00:02"]

1. d4 d5 2. Nc3 Nf6 3. Bf4 e6 4. Nb5 Bb4+ 5. c3 Ba5 6. a4 a6 7. b4 axb5 8. axb5 Bd7 9. e3 Bxb4 10. cxb4 Rxa1 11. Qxa1 O-O 12. Nf3 Ne4 13. Bd3 Qe8 14. Qa4 Nc3 15. Qc2 Ne4 16. Bxe4 dxe4 17. Qxe4 Bxb5 18. Ng5 g6 19. Bxc7 Qc6 20. Qxc6 Nxc6 21. Kd2 Ra8 22. Ne4 Nxb4 23. Nf6+ Kg7 24. Be5 Ra2+ 25. Kc3 Nc6 26. Rb1 Nxe5 27. dxe5 Bc6 28. f4 Rxg2 29. Rd1 Rxh2 30. Rd8 Re2 31. Rg8+ Kh6 32. Rh8 g5 33. Kd3 Bb5+ 34. Kd4 gxf4 35. exf4 Kg6 36. Rxh7 Bc6 37. Rh5 Re1 38. Rg5+ Kh6 39. Rg8 1-0


[Site "https://www.chess.com"]

[Event "Titled Tuesday Blitz August 23 Late 2022"]
[White "Boruchovsky, Avital"]
[Black "Bacrot, Etienne"]
[WhiteFideId "2800055"]
[BlackFideId "605506"]
[WhiteElo "2466"]
[BlackElo "2673"]
[Result "0-1"]
[Round "08"]
[TimeControl "180+1"]
[Date "2022.08.23"]
[WhiteClock "0:00:01"]
[BlackClock "0:00:08"]

1. c4 c6 2. Nf3 d5 3. g3 Nf6 4. Bg2 g6 5. Qb3 Bg7 6. O-O O-O 7. d4 Qb6 8. Qxb6 axb6 9. cxd5 Nxd5 10. Nc3 Nxc3 11. bxc3 b5 12. e4 Be6 13. Bg5 f6 14. Be3 Bxa2 15. Bh3 f5 16. exf5 gxf5 17. Ne5 Ra4 18. Rfe1 Bxe5 19. dxe5 Be6 20. Bg5 Kf7 21. Rad1 Nd7 22. Bg2 Re8 23. Bf3 Kg6 24. h4 h6 25. Bf4 Rea8 26. Kg2 Nb6 27. Be3 Nc4 28. Bc5 Kf7 29. Rd4 Ra2 30. Rf4 Nd2 31. Bh5+ Kf8 32. g4 Bd5+ 33. Kg3 Ne4+ 34. Rexe4 Bxe4 35. gxf5 b6 36. Bxb6 Bd5 37. Bc5 Rc2 38. f6 Rxc3+ 39. Be3 exf6 40. Rxf6+ Ke7 41. Rxh6 Rf8 42. Rh7+ Ke6 43. Bg4+ Kxe5 44. f4+ Kd6 45. Kf2 Rc2+ 46. Kf1 Bc4+ 47. Kg1 Rg8 48. Rh6+ Kc7 49. Rh7+ Kb8 50. Ba7+ Ka8 0-1


[Site "https://www.chess.com"]

[Event "Titled Tuesday Blitz August 23 Late 2022"]
[White "Caruana, Fabiano"]
[Black "Chigaev, Maksim"]
[WhiteFideId "2020009"]
[BlackFideId "4108116"]
[WhiteElo "2847"]
[BlackElo "2487"]
[Result "0-1"]
[Round "08"]
[TimeControl "180+1"]
[Date "2022.08.23"]
[WhiteClock "0:00:10"]
[BlackClock "0:00:04"]

1. c4 e5 2. Nc3 Nf6 3. g3 g6 4. Bg2 Bg7 5. Nf3 Nc6 6. O-O O-O 7. d3 d6 8. Rb1 Nd4 9. Bg5 Nxf3+ 10. Bxf3 h6 11. Bxf6 Bxf6 12. b4 Bg7 13. b5 a6 14. bxa6 Rxa6 15. Bxb7 Ra3 16. Bxc8 Qxc8 17. Rb3 Ra7 18. Qc2 Kh7 19. Rfb1 h5 20. a4 h4 21. e3 h3 22. Qe2 f5 23. Qf3 c6 24. e4 fxe4 25. Qxe4 Qf5 26. Rf1 Qf3 27. Qxf3 Rxf3 28. Ne4 Kh6 29. Nxd6 Rxa4 30. Rb7 e4 31. Nxe4 Bd4 32. Rd7 c5 33. Rd5 Ra2 34. g4 Rf4 35. g5+ Kh5 36. Rd8 Kg4 37. Rh8 Rf3 38. Kh1 Rxd3 39. Rg1+ Kf4 40. Rh4+ Ke5 41. Re1 Ra1 42. Rxa1 Bxa1 0-1


[Site "https://www.chess.com"]

[Event "Titled Tuesday Blitz August 23 Late 2022"]
[White "Cruz, Cristhian"]
[Black "Jones, Gawain C B"]
[WhiteFideId "3801969"]
[BlackFideId "409561"]
[WhiteElo "2497"]
[BlackElo "2657"]
[Result "0-1"]
[Round "08"]
[TimeControl "180+1"]
[Date "2022.08.23"]
[WhiteClock "0:00:02"]
[BlackClock "0:00:05"]

1. d4 Nf6 2. c4 c5 3. d5 b5 4. Qc2 bxc4 5. e4 e6 6. Nc3 exd5 7. exd5 Bd6 8. Bxc4 O-O 9. Nf3 Re8+ 10. Be3 Ng4 11. O-O Rxe3 12. fxe3 Nxe3 13. Qd3 Nxf1 14. Rxf1 h6 15. Ne4 Qf8 16. Nfg5 hxg5 17. Nxg5 g6 18. Qh3 Qg7 19. Rxf7 Qd4+ 20. Kh1 Qd1+ 21. Rf1 Qh5 22. Qxh5 gxh5 23. Ne4 Be5 24. d6+ Kg7 25. Rf7+ Kg6 26. Rf8 Nc6 27. Rg8+ Kf5 28. Nxc5 Bxd6 29. Nxd7 Bb7 30. Rxa8 Bxa8 0-1


[Site "https://www.chess.com"]

[Event "Titled Tuesday Blitz August 23 Late 2022"]
[White "Czopor, Maciej"]
[Black "Martic, Ivan"]
[WhiteFideId "21805431"]
[BlackFideId "929301"]
[WhiteElo "1924"]
[BlackElo "2355"]
[Result "1-0"]
[Round "08"]
[TimeControl "180+1"]
[Date "2022.08.23"]
[WhiteClock "0:00:03"]
[BlackClock "0:00:03"]

1. c4 g6 2. b4 Bg7 3. Nc3 Nf6 4. Nf3 O-O 5. Bb2 b6 6. g3 Bb7 7. Bg2 d6 8. O-O e5 9. d3 Nbd7 10. a4 c5 11. b5 a5 12. bxa6 Rxa6 13. Ne1 Bxg2 14. Nxg2 Ne8 15. Nd5 Nc7 16. Nge3 Ne6 17. Qb3 f5 18. Qb5 Nb8 19. Ng2 f4 20. f3 Nc7 21. Nxc7 Qxc7 22. Bc3 fxg3 23. hxg3 Qc8 24. Kh2 Rf5 25. g4 Rf7 26. Ne3 Qd8 27. Kg2 Bh6 28. Nd5 Rfa7 29. Rh1 Bg5 30. Rab1 Rxa4 31. Qxb6 Qxb6 32. Rxb6 Nd7 33. Rxd6 Ra2 34. Kf2 h6 35. Rxg6+ Kf7 36. Rd6 Rc2 37. Rb1 Nf8 38. Bxe5 Raa2 39. Nc3 Ne6 40. Rb7+ Kf8 41. Rxe6 Bh4+ 42. Ke3 Bg5+ 43. Ke4 Rxe2+ 44. Nxe2 Rxe2+ 45. Kf5 Re3 46. Bd6+ Kg8 47. Rxe3 h5 48. Re8# 1-0


[Site "https://www.chess.com"]

[Event "Titled Tuesday Blitz August 23 Late 2022"]
[White "Djordjevic, Vuk"]
[Black "Kamsky, Gata"]
[WhiteFideId "902098"]
[BlackFideId "2000024"]
[WhiteElo "2456"]
[BlackElo "2666"]
[Result "1/2-1/2"]
[Round "08"]
[TimeControl "180+1"]
[Date "2022.08.23"]
[WhiteClock "0:00:07"]
[BlackClock "0:00:07"]

1. d4 Nf6 2. Bg5 d5 3. Bxf6 gxf6 4. e3 c5 5. dxc5 e6 6. Nf3 Bxc5 7. Be2 Nc6 8. O-O f5 9. Nbd2 Be7 10. Rc1 Bf6 11. c3 O-O 12. Nd4 Bd7 13. N2f3 Rc8 14. Nxc6 bxc6 15. Qa4 Qb6 16. b3 Kh8 17. c4 Rfd8 18. cxd5 cxd5 19. Qf4 Be8 20. Qh6 Bg7 21. Qh5 Kg8 22. Qh4 h6 23. Rfd1 a5 24. Ne1 Qb4 25. Qxb4 axb4 26. Nd3 Bf8 27. Kf1 Bd6 28. g3 Kf8 29. Rxc8 Rxc8 30. Rc1 Ra8 31. Rc2 Ke7 32. Ne1 Bd7 33. Nf3 e5 34. Ne1 e4 35. Ng2 Be5 36. Nf4 Kd6 37. Rd2 d4 38. exd4 Bxf4 39. gxf4 Rc8 40. Bc4 Be6 41. d5 Bd7 42. f3 Rg8 43. Kf2 f6 44. Re2 Re8 45. Re3 Kc5 46. Re1 Kd4 47. Rg1 exf3 48. Kxf3 Re3+ 49. Kf2 Rh3 50. Rg7 Be8 51. d6 Rxh2+ 52. Kg1 Rxa2 53. d7 Bxd7 54. Rxd7+ Ke4 55. Rb7 Kxf4 56. Rxb4 Kg3 57. Kf1 h5 58. Rb6 h4 59. Rxf6 f4 60. Rg6+ Kf3 61. Bd5+ Ke3 62. Re6+ Kd4 63. Bf3 Rb2 64. Bd1 Rb1 65. Ke1 h3 66. Rh6 f3 67. Rxh3 f2+ 68. Kxf2 Rxd1 69. Ke2 Rb1 70. Kd2 Rb2+ 71. Kc1 Rg2 72. Kb1 Kc5 73. Kc1 Kb5 74. Rd3 Kc5 75. Rc3+ Kb5 76. Rc2 Rxc2+ 77. Kxc2 Kb4 78. Kc1 Kxb3 1/2-1/2


[Site "https://www.chess.com"]

[Event "Titled Tuesday Blitz August 23 Late 2022"]
[White "Dubov, Daniil"]
[Black "Naroditsky, Daniel"]
[WhiteFideId "24126055"]
[BlackFideId "2026961"]
[WhiteElo "2791"]
[BlackElo "2628"]
[Result "1-0"]
[Round "08"]
[TimeControl "180+1"]
[Date "2022.08.23"]
[WhiteClock "0:00:05"]
[BlackClock "0:00:03"]

1. d4 Nf6 2. Nf3 g6 3. c4 Bg7 4. Nc3 O-O 5. Bg5 d6 6. e3 Bf5 7. Bd3 Bxd3 8. Qxd3 c6 9. O-O Nbd7 10. h3 Qc7 11. Rfd1 Rac8 12. Bf4 e5 13. Bh2 Rfe8 14. Qc2 exd4 15. exd4 Rcd8 16. Rac1 Bh6 17. Rb1 Nh5 18. Re1 Bf4 19. Bxf4 Nxf4 20. Qd2 d5 21. g3 Ne6 22. cxd5 cxd5 23. Nxd5 Qc6 24. Ne7+ Rxe7 25. d5 Qb6 26. dxe6 Nc5 27. Qh6 fxe6 28. Rbd1 Rf8 29. Re3 Qxb2 30. Qg5 Rc7 31. Rd8 Qc1+ 32. Kg2 Rf7 33. Rxf8+ Rxf8 34. Qe5 b6 35. h4 Qc2 36. h5 Qf5 37. h6 Qxe5 38. Nxe5 Rd8 39. Rf3 Rd5 40. Nc6 Rd7 41. Ra3 a5 42. Rf3 Rc7 43. Ne5 Re7 44. g4 Ne4 45. Re3 Nc5 46. g5 Rc7 47. Rf3 Ne4 48. Rd3 Rc8 49. Rd7 Nxg5 50. Rg7+ Kh8 51. Nd7 Rc7 52. Re7 Kg8 53. f4 Rc2+ 54. Kg3 Ne4+ 55. Kf3 Nc5 56. Nf6+ Kf8 57. Rxh7 Rh2 58. Kg3 Rh1 59. Ng4 Ne4+ 60. Kg2 Rh4 61. Ne5 Kg8 62. Rg7+ Kf8 63. Nxg6+ Ke8 64. Nxh4 1-0


[Site "https://www.chess.com"]

[Event "Titled Tuesday Blitz August 23 Late 2022"]
[White "Ghazarian, Kirk"]
[Black "Stanojoski, Zvonko"]
[WhiteFideId "30908604"]
[BlackFideId "15000257"]
[WhiteElo "2074"]
[BlackElo "2364"]
[Result "1-0"]
[Round "08"]
[TimeControl "180+1"]
[Date "2022.08.23"]
[WhiteClock "0:01:10"]
[BlackClock "0:00:55"]

1. d4 d5 2. Nf3 e6 3. Bf4 Bd6 4. e3 Nf6 5. Nbd2 O-O 6. Bd3 c5 7. c3 cxd4 8. cxd4 Bxf4 9. exf4 Nc6 10. O-O Qb6 11. Nb3 a5 12. a4 Ne4 13. Bxe4 dxe4 14. Ng5 f5 15. Nc5 Nb4 16. Ra3 h6 17. Qh5 Nd5 18. Nh3 Qxb2 19. Rg3 Qxd4 20. Qxh6 Rf7 21. Nxe6 Bxe6 22. Qxe6 Nxf4 23. Nxf4 Qxa4 24. Nd5 Qd4 25. Ne7+ Kf8 26. Ng6+ Kg8 27. Rh3 1-0


[Site "https://www.chess.com"]

[Event "Titled Tuesday Blitz August 23 Late 2022"]
[White "Harvey, Marcus R"]
[Black "Yurovskykh, Oleksandr"]
[WhiteFideId "400092"]
[BlackFideId "14134020"]
[WhiteElo "2485"]
[BlackElo "2292"]
[Result "0-1"]
[Round "08"]
[TimeControl "180+1"]
[Date "2022.08.23"]
[WhiteClock "0:00:03"]
[BlackClock "0:00:07"]

1. Nf3 d5 2. b3 Bg4 3. Bb2 Bxf3 4. gxf3 e6 5. f4 Nf6 6. h4 h5 7. Bh3 g6 8. d3 Bg7 9. Nd2 c5 10. e4 Nc6 11. f5 exf5 12. exf5 Qe7+ 13. Kf1 O-O 14. Nf3 d4 15. Rg1 Ne5 16. Nxe5 Qxe5 17. Qf3 Rae8 18. Rd1 Kh7 19. Bc1 Nd5 20. Bd2 Nb4 21. Rg5 Qf6 22. fxg6+ fxg6 23. Qxf6 Rxf6 24. Rxc5 Nc6 25. Bg5 Rd6 26. Re1 Rxe1+ 27. Kxe1 b6 28. Rc4 Ne5 29. Ra4 Nf3+ 30. Kf1 Nxg5 31. hxg5 a5 32. Rc4 Be5 33. Rc7+ Kg8 34. Rc8+ Kf7 35. Rc7+ Kf8 36. Kg2 Bf4 37. Rc8+ Kf7 38. Kf3 Bxg5 39. Ke4 Bf6 40. f4 Bd8 41. Ke5 Ke7 42. f5 gxf5 43. Bxf5 h4 44. Ra8 Rh6 45. Ra7+ Kf8 46. Bh3 Bf6+ 47. Kf5 Be7 48. Ra8+ Kf7 49. Ra7 Rc6 50. Ke5 Rxc2 51. Be6+ Kf8 52. Ra8+ Kg7 53. Rg8+ Kh7 54. Rg1 Re2+ 55. Kd5 Rxa2 56. Bf5+ Kh6 57. Ke6 Bg5 58. Be4 Rf2 59. Bf5 Rf3 60. Ke5 h3 61. Rh1 Bf4+ 62. Ke4 Rf2 63. Rxh3+ Kg5 64. Bd7 Re2+ 65. Kd5 Rb2 66. Rh7 Rxb3 67. Rg7+ Kf6 68. Rg4 Be3 69. Ke4 Rb4 70. Bc6 a4 71. Be8 a3 72. Rg6+ Ke7 73. Bf7 Kxf7 74. Rg2 Rb2 0-1


[Site "https://www.chess.com"]

[Event "Titled Tuesday Blitz August 23 Late 2022"]
[White "Korchmar, Vasiliy"]
[Black "Maksimovic, Bojan"]
[WhiteFideId "24131750"]
[BlackFideId "14408120"]
[WhiteElo "2370"]
[BlackElo "2447"]
[Result "0-1"]
[Round "08"]
[TimeControl "180+1"]
[Date "2022.08.23"]
[WhiteClock "0:00:01"]
[BlackClock "0:00:52"]

1. e4 g6 2. d4 Bg7 3. Nc3 d6 4. g3 Nc6 5. d5 Ne5 6. Bg2 h5 7. h3 Bd7 8. f4 Nc4 9. Nf3 Qc8 10. a4 a5 11. Qd3 Nb6 12. Be3 Nf6 13. Nd4 Nh7 14. Ndb5 O-O 15. O-O-O Bxb5 16. axb5 a4 17. Bd4 Bxd4 18. Qxd4 a3 19. b3 e6 20. g4 h4 21. g5 e5 22. fxe5 Qd8 23. Kb1 Qxg5 24. exd6 Qxg2 25. dxc7 a2+ 26. Kb2 Nd7 27. e5 a1=Q+ 28. Rxa1 Rxa1 29. Rxa1 Qxh3 30. e6 fxe6 31. dxe6 Qxe6 32. Nd5 h3 33. Rg1 g5 0-1


[Site "https://www.chess.com"]

[Event "Titled Tuesday Blitz August 23 Late 2022"]
[White "Kosteniuk, Alexandra"]
[Black "Ezat, Mohamed"]
[WhiteFideId "4128125"]
[BlackFideId "10600906"]
[WhiteElo "2469"]
[BlackElo "2386"]
[Result "1-0"]
[Round "08"]
[TimeControl "180+1"]
[Date "2022.08.23"]
[WhiteClock "0:00:19"]
[BlackClock "0:00:01"]

1. e4 Nf6 2. e5 Nd5 3. d4 d6 4. c4 Nb6 5. f4 Bf5 6. Nc3 e6 7. Nf3 dxe5 8. fxe5 Be7 9. Be3 O-O 10. Bd3 Bxd3 11. Qxd3 Nc6 12. O-O-O Na5 13. b3 Nc6 14. h4 a5 15. Ng5 g6 16. Nxh7 Nb4 17. Qe4 a4 18. Nxf8 Qxf8 19. h5 axb3 20. axb3 Na2+ 21. Kc2 Nxc3 22. Kxc3 g5 23. h6 Ra2 24. h7+ Kh8 25. Ra1 Qa8 26. Rxa2 Qxa2 27. Qc2 Qa3 28. Kd3 c5 29. Bc1 Qa1 30. Qb2 Qa8 31. Qf2 Qd8 32. Bb2 Nd7 33. Ke2 f5 34. d5 Nf8 35. d6 Ng6 36. dxe7 Qxe7 37. g3 b5 38. Qe3 Qb7 39. Qf3 Qb8 40. Qc6 bxc4 41. Qxe6 c3 42. Qf6# 1-0


[Site "https://www.chess.com"]

[Event "Titled Tuesday Blitz August 23 Late 2022"]
[White "Kowalski, Igor"]
[Black "Claverie, Christophe"]
[WhiteFideId "1172468"]
[BlackFideId "605514"]
[WhiteElo "2376"]
[BlackElo "2300"]
[Result "1-0"]
[Round "08"]
[TimeControl "180+1"]
[Date "2022.08.23"]
[WhiteClock "0:00:20"]
[BlackClock "0:00:09"]

1. Nf3 Nf6 2. d4 g6 3. Nc3 Bg7 4. e4 d6 5. Bc4 O-O 6. Qe2 c6 7. Bb3 Bg4 8. Bg5 e5 9. dxe5 dxe5 10. h3 Bxf3 11. Qxf3 Nbd7 12. O-O-O Qc7 13. h4 h6 14. Be3 h5 15. Bg5 Rae8 16. Qh3 Nc5 17. f3 Nxb3+ 18. axb3 Rd8 19. Rdf1 Qd7 20. g4 hxg4 21. fxg4 Nxg4 22. h5 gxh5 23. Qxh5 f6 24. Rf5 fxg5 25. Qh7# 1-0


[Site "https://www.chess.com"]

[Event "Titled Tuesday Blitz August 23 Late 2022"]
[White "Ladopoulos, Dimitrios"]
[Black "Ibrahimli, Murad"]
[WhiteFideId "4239580"]
[BlackFideId "13410229"]
[WhiteElo "2195"]
[BlackElo "2109"]
[Result "1-0"]
[Round "08"]
[TimeControl "180+1"]
[Date "2022.08.23"]
[WhiteClock "0:00:06"]
[BlackClock "0:00:09"]

1. d4 Nf6 2. Nf3 c5 3. d5 b5 4. a4 b4 5. e3 d6 6. Bc4 Nbd7 7. a5 g6 8. b3 Bg7 9. Bb2 O-O 10. O-O Ng4 11. Bxg7 Kxg7 12. Nbd2 Nde5 13. Nxe5 Nxe5 14. Be2 Nd7 15. e4 f5 16. exf5 Rxf5 17. Nc4 Nf6 18. Ne3 Re5 19. Bf3 Ba6 20. Re1 Qd7 21. Qd2 Rf8 22. c3 Rb8 23. c4 Rf8 24. h3 h5 25. Nf1 Rxe1 26. Rxe1 Bc8 27. Ng3 Rf7 28. Qg5 Kh7 29. Ne4 Kg7 30. Ng3 Kh7 31. Bd1 Rg7 32. Bc2 Kg8 33. Bxg6 h4 34. Ne4 Nxe4 35. Rxe4 Qe8 36. Bxe8 Rxg5 37. Rxe7 Kf8 38. Re3 Bf5 39. Bc6 Bc2 40. Ba4 Rf5 41. g4 Rf4 42. f3 Rxc4 43. bxc4 Bxa4 44. Kf2 b3 45. Re2 Be8 46. f4 a6 47. f5 Kf7 48. Ke3 Bd7 49. Kf4 Kf6 50. Rb2 Kf7 51. g5 Ba4 52. f6 Kg6 53. Re2 Bd7 54. Rd2 Bxh3 55. Rb2 Bf1 56. Rxb3 Bxc4 57. Rb7 h3 58. Rg7+ Kh5 59. Rh7+ Kg6 60. Rh6+ Kf7 61. Rxh3 Bxd5 62. Rh7+ Ke6 63. Re7# 1-0


[Site "https://www.chess.com"]

[Event "Titled Tuesday Blitz August 23 Late 2022"]
[White "Leiva, Gianmarco"]
[Black "Godzwon, Iwo"]
[WhiteFideId "3804399"]
[BlackFideId "21802483"]
[WhiteElo "2323"]
[BlackElo "2201"]
[Result "0-1"]
[Round "08"]
[TimeControl "180+1"]
[Date "2022.08.23"]
[WhiteClock "0:01:39"]
[BlackClock "0:01:18"]

1. e4 c5 2. Nf3 e6 3. c3 Nf6 4. Bd3 Nc6 5. Bc2 d5 6. e5 Nd7 7. d4 b5 8. O-O b4 9. c4 Nb6 10. cxd5 Nxd5 11. Bg5 Be7 12. Bxe7 Qxe7 13. dxc5 Qxc5 14. Nbd2 O-O 15. Ne4 Qb6 16. Neg5 g6 17. Ne4 Rd8 18. Qd2 Kg7 19. h4 h6 20. h5 Nc3 21. Qf4 Ne2+ 0-1


[Site "https://www.chess.com"]

[Event "Titled Tuesday Blitz August 23 Late 2022"]
[White "Lenderman, Aleksandr"]
[Black "Andreikin, Dmitry"]
[WhiteFideId "2021285"]
[BlackFideId "4158814"]
[WhiteElo "2607"]
[BlackElo "2736"]
[Result "1/2-1/2"]
[Round "08"]
[TimeControl "180+1"]
[Date "2022.08.23"]
[WhiteClock "0:00:04"]
[BlackClock "0:00:04"]

1. Nf3 Nf6 2. c4 e6 3. Nc3 d5 4. e3 a6 5. b3 c5 6. Bb2 d4 7. exd4 cxd4 8. Ne2 e5 9. Nxe5 Bc5 10. Nd3 Ba7 11. Nef4 O-O 12. Be2 Nc6 13. O-O Bf5 14. g4 Nxg4 15. Bxg4 Qg5 16. f3 Bxd3 17. Nxd3 f5 18. f4 Qg6 19. Qf3 fxg4 20. Qd5+ Kh8 21. f5 Qh6 22. Qg2 Rae8 23. Rae1 Rxe1 24. Rxe1 Qh5 25. Ba3 Rxf5 26. Bd6 h6 27. c5 Rf3 28. Nf2 Bxc5 29. Bxc5 Qxc5 30. Qxg4 Rf8 31. Ne4 Qc2 32. Rf1 Rxf1+ 33. Kxf1 Ne5 34. Qf5 Qd3+ 35. Kg2 Qe2+ 36. Nf2 d3 37. Qf8+ Kh7 38. Qf5+ g6 39. Qf6 h5 40. h4 b5 41. Qe7+ Kg8 42. Qe6+ Kg7 43. Qe7+ Nf7 44. Qc5 Qxd2 45. Qd4+ Kg8 46. Qf6 Nh8 47. Qd8+ Kh7 48. Qe7+ Kg8 49. Qd8+ Kg7 50. Qd4+ Kh7 51. Qd7+ Kh6 52. Qd4 Nf7 53. Qf6 Qe2 54. Qxf7 d2 55. Qf8+ Kh7 56. Qf7+ Kh6 57. Qf6 Kh7 58. Qf7+ Kh8 59. Qf8+ Kh7 60. Qf7+ 1/2-1/2


[Site "https://www.chess.com"]

[Event "Titled Tuesday Blitz August 23 Late 2022"]
[White "Lewicki, Miroslaw"]
[Black "Petrovic, Aleksa"]
[WhiteFideId "1113380"]
[BlackFideId "967629"]
[WhiteElo "2204"]
[BlackElo "2262"]
[Result "0-1"]
[Round "08"]
[TimeControl "180+1"]
[Date "2022.08.23"]
[WhiteClock "0:00:40"]
[BlackClock "0:00:05"]

1. b3 e5 2. Bb2 Nc6 3. g3 Nf6 4. Bg2 d5 5. d3 Bd6 6. Nd2 O-O 7. e4 dxe4 8. dxe4 Bg4 9. Ngf3 Qd7 10. O-O Bh3 11. Re1 Bxg2 12. Kxg2 Rad8 13. Qe2 Rfe8 14. Nc4 a6 15. Rad1 Qc8 16. Nxd6 Rxd6 17. Rxd6 cxd6 18. Rd1 Rd8 19. Ba3 d5 20. exd5 Rxd5 21. Rxd5 Nxd5 22. Nxe5 Qe6 23. f4 f6 24. c4 fxe5 25. cxd5 Qxd5+ 26. Kg1 Nd4 27. Qe3 e4 28. Bb2 Nf5 29. Qc3 e3 30. g4 Qd1+ 31. Kg2 Qxg4+ 32. Kh1 Qf3+ 33. Kg1 Qf2+ 34. Kh1 Qf1# 0-1


[Site "https://www.chess.com"]